 Dungeon Crawl Stone Soup version 0.25-a0-632-g7713895373 (webtiles) character file.

Game seed: 16586247243615653845, levelgen mode: deterministic

202022 Mgcat the Champion of Chaos (level 17, 0/156 HPs)
             Began as a Demonspawn Fighter on Mar 19, 2020.
             Was the Champion of Makhleb.
             Slain by a spark wasp (11 damage)
             ... on level 4 of the Spider Nest.
             The game lasted 01:30:13 (33249 turns).

Mgcat the Champion of Chaos (Demonspawn Fighter)   Turns: 33249, Time: 01:30:13

Health: 0/156      AC: 30    Str: 24    XL:     17   Next: 93%
Magic:  30/30      EV:  9    Int: 11    God:    Makhleb [******]
Gold:   2165       SH: 12    Dex: 14    Spells: 16/16 levels left

rFire    . . .     SeeInvis +   a - +4 broad axe (drain)
rCold    . . .     Gourm    .   c - +0 kite shield
rNeg     . . .     Faith    .   R - +2 crystal plate armour
rPois    +         Spirit   .   (helmet unavailable)
rElec    .         Reflect  .   g - +1 cloak
rCorr    +         Harm     .   o - +1 pair of gloves
MR       +....                  S - +0 pair of boots "Pirapn" {rPois rCorr Str-2 SInv}
Stlth    ..........             O - amulet of the acrobat
HPRegen  0.36/turn              e - +5 ring of strength
MPRegen  0.22/turn              T - +3 ring of evasion

@: no status effects
A: horns 3, slimy green scales 2, powered by death 1, powered by pain 3, robust
1
}: 1/15 runes: decaying
a: Minor Destruction, Lesser Servant of Makhleb, Major Destruction, Greater
Servant of Makhleb, Renounce Religion


You were on level 4 of the Spider Nest.
You worshipped Makhleb.
Makhleb was exalted by your worship.
You were not hungry.

You visited 5 branches of the dungeon, and saw 31 of its levels.
You also visited: Gauntlet and Ice Cave.

You collected 3331 gold pieces.
You spent 1166 gold pieces at shops.

Inventory:

Hand Weapons
 a - a +4 broad axe of draining (weapon)
   (You took it off Urug on level 2 of the Lair of Beasts)
 V - a +3 antimagic broad axe
   (You took it off a spriggan berserker on level 4 of the Swamp)
Armour
 c - a +0 kite shield (worn)
 g - a +1 cloak (worn)
   (You took it off Crazy Yiuf on level 2 of the Dungeon)
 o - a +1 pair of gloves (worn)
   (You found it on level 4 of the Lair of Beasts)
 A - a +2 pair of boots
   (You found it on level 7 of the Dungeon)
 R - a +2 crystal plate armour (worn)
   (You found it on level 1 of the Swamp)
 S - the +0 pair of boots "Pirapn" (worn) {rPois rCorr Str-2 SInv}
   (You found it in a Gauntlet)

   It affects your strength (-2).
   It protects you from poison.
   It lets you see invisible.
   It provides partial protection from all sources of acid and corrosion.
Jewellery
 e - a +5 ring of strength (left hand)
   (You found it on level 1 of the Dungeon)
 r - a +3 ring of protection
   (You found it on level 8 of the Dungeon)
 N - the ring of the Coward {+Blink rElec rPois Int+2}
   (You found it in a Gauntlet)

   [ring of intelligence]

   It affects your intelligence (+2).
   It insulates you from electricity.
   It protects you from poison.
   It lets you blink.
 O - an amulet of the acrobat (around neck)
   (You took it off a minotaur in a Gauntlet)
 T - a +3 ring of evasion (right hand)
   (You found it on level 5 of the Dungeon)
Wands
 x - a wand of acid (6)
   (You found it on level 14 of the Dungeon)
 F - a wand of iceblast (13)
   (You found it on level 5 of the Lair of Beasts)
 K - a wand of digging (3)
   (You found it on level 15 of the Dungeon)
 Q - a wand of disintegration (10)
   (You found it on level 5 of the Lair of Beasts)
Scrolls
 i - 12 scrolls of teleportation
 j - 4 scrolls of fog
 k - 5 scrolls of blinking {!r}
 w - 18 scrolls of remove curse
 B - 3 scrolls of magic mapping {!r}
 E - 2 scrolls of fear
 M - 12 scrolls of identify
Potions
 d - 2 potions of brilliance
 l - 10 potions of curing
 n - 5 potions of ambrosia
 p - 4 potions of invisibility
 q - 4 potions of magic
 s - 7 potions of flight
 u - 8 potions of haste
 v - 5 potions of lignification {!q}
 C - 2 potions of might
 D - a potion of berserk rage {!q}
 G - 4 potions of cancellation
 H - a potion of mutation {!q}
Miscellaneous
 b - a phantom mirror
 y - a lightning rod (3/4)
   (You found it on level 9 of the Dungeon)
 L - a lamp of fire (inert)
   (You found it in an ice cave)
 Y - 2 boxes of beasts
Comestibles
 f - 53 rations


   Skills:
 * Level 15.2 Fighting
 * Level 18.1 Axes
 * Level 8.5 Armour
 * Level 5.8 Dodging
 * Level 8.5 Shields
 + Level 18.1 Invocations
 + Level 5.4 Evocations


You had 16 spell levels left.
You didn't know any spells.
Your spell library contained the following spells:

 Spells                   Type           Power        Failure   Level  Hunger
 Magic Dart               Conj           #...         100%        1    ##.....
 Blink                    Tloc           N/A          100%        2    ###....
 Call Imp                 Summ           #.......     100%        2    ###....
 Slow                     Hex            #.......     100%        2    ###....
 Conjure Flame            Conj/Fire      #.......     100%        3    ####...
 Mephitic Cloud           Conj/Pois/Air  #.......     100%        3    ####...
 Malign Gateway           Summ/Tloc      #.........   100%        7    #######
 Monstrous Menagerie      Summ           #.........   100%        7    #######
 Summon Greater Demon     Summ           #.........   100%        7    #######
 Summon Horrible Things   Summ           #.........   100%        8    #######


Dungeon Overview and Level Annotations

Branches:
Dungeon (15/15)            Temple (0/1) D:7            Lair (6/6) D:10
  Swamp (4/4) Lair:4       Spider (4/4) Lair:3        Slime (0/5) Lair:6
    Orc (2/2) D:10            Elf (0/3) Orc:2        Vaults (0/5) D:14
 Depths (0/5) D:15          IceCv (visited)         Gauntlet (visited)

Altars:
Ashenzari
Cheibriados
Gozag
Hepliaklqana
Makhleb
Nemelex Xobeh
Okawaru
Sif Muna
Vehumet
Xom
Beogh
Jiyva

Shops:
D:7 !   D:10 [   Orc:2 [(%(

Annotations:
D:12 3 runed translucent doors, Kuulis's ghost, journeyman GrGl
Lair:6 3 runed translucent doors, Blackbelt's ghost, journeyman DDFi
Swamp:4 1 runed translucent door, p0werm0de's ghost, journeyman DDFi
Spider:3 Roxanne


Innate Abilities, Weirdness & Mutations

You have a pair of large horns on your head.
You are mostly covered in slimy green scales. (AC +3)
You regenerate a little health from kills.
You are powered by pain.
You are robust. (+10% HP)


Message History

A hornet is nearby!
A hornet is nearby!
Unknown command.
You start resting.
You feel a little less mighty now.
You regained 5 hp, and now have 91/156 hp.
You start resting.
A hornet comes into view.
You regained 4 hp, and now have 95/156 hp.
A hornet is nearby!
A hornet is nearby!
Unknown command.
You feel a little less agile now.
You closely miss the hornet. The hornet stings you.
You feel yourself slow down.
You take 3 damage, and have 93/156 hp.
Unknown command.
Your crystal plate armour prevents you from hitting the hornet.
You headbutt the hornet.
The hornet is lightly wounded.
You block the hornet's attack.
The hornet stings you but does no damage.
You slash the hornet!
The hornet is heavily wounded.
You feel yourself speed up.
The hornet stings you but does no damage.
You block the hornet's attack.
You closely miss the hornet. Your headbutt misses the hornet.
The hornet is heavily wounded.
The hornet stings you but does no damage.
You slash the hornet! You drain the hornet.
You kill the hornet!
Makhleb accepts your kill.
You feel better.
You regained 11 hp, and now have 105/156 hp.
You start resting.
A spark wasp comes into view.
You regained 3 hp, and now have 108/156 hp.
A spark wasp is nearby!
Evoke which item? (* to show all) (? for menu, Esc to quit)
Aiming: Disintegrate
Press: ? - help, Shift-Dir - straight line, f - spark wasp
Aim: a spark wasp (hasn't noticed you, chance to defeat MR: 71%)
The spark wasp buzzes angrily.
The spark wasp is blasted!
Evoke which item? (* to show all) (? for menu, Esc to quit)
Aiming: Disintegrate
Press: ? - help, Shift-Dir - straight line, f/p - spark wasp
Aim: a spark wasp (moderately wounded, chance to defeat MR: 71%)
The spark wasp is blasted!!
You start resting.
The spark wasp is too close now for your liking.
Evoke which item? (* to show all) (? for menu, Esc to quit)
Aiming: Disintegrate
Press: ? - help, Shift-Dir - straight line, f/p - spark wasp
Aim: a spark wasp (heavily wounded, chance to defeat MR: 71%)
The spark wasp struggles to resist.
Evoke which item? (* to show all) (? for menu, Esc to quit)
Aiming: Disintegrate
Press: ? - help, Shift-Dir - straight line, f/p - spark wasp
Aim: a spark wasp (heavily wounded, chance to defeat MR: 71%)
The spark wasp is blasted!
The spark wasp stings you! The spark wasp shocks you!
You take 26 damage, and have 84/156 hp.
Evoke which item? (* to show all) (? for menu, Esc to quit)
Aiming: Disintegrate
Press: ? - help, Shift-Dir - straight line, f/p - spark wasp
Aim: a spark wasp (severely wounded, chance to defeat MR: 71%)
The spark wasp struggles to resist.
The spark wasp stings you! The spark wasp shocks you!
You block the spark wasp's attack.
You take 32 damage, and have 52/156 hp.
MASSIVE DAMAGE!!
Evoke which item? (* to show all) (? for menu, Esc to quit)
Aiming: Disintegrate
Press: ? - help, Shift-Dir - straight line, f/p - spark wasp
Aim: a spark wasp (severely wounded, chance to defeat MR: 71%)
The spark wasp struggles to resist.
The hornet buzzes angrily.
The spark wasp stings you. The spark wasp shocks you!
* * * LOW HITPOINT WARNING * * *
You take 15 damage, and have 37/156 hp.
Evoke which item? (* to show all) (? for menu, Esc to quit)
That's the wrong kind of item! (Use * to select it.) Evoke which item? (* to show all) (? for menu, Esc to quit)
Aiming: Iceblast
Press: ? - help, Shift-Dir - straight line, f/p - spark wasp
Aim: a spark wasp (severely wounded) That beam is likely to hit you.
Continue anyway?
Okay, then.
Unknown command.
Evoke which item? (* to show all) (? for menu, Esc to quit)
Aiming: Iceblast
Press: ? - help, Shift-Dir - straight line, p - spark wasp The mass of ice explodes!
The iceblast engulfs the spark wasp.
The spark wasp is severely wounded.
The spark wasp stings you!
* * * LOW HITPOINT WARNING * * *
The spark wasp shocks you!
* * * LOW HITPOINT WARNING * * *
The spark wasp stings you!
You die...

^^.........≈≈≈≈≈≈≈≈≈
^^.^#.^.#^.#†.....
#.#...≈#.........
#.....#^.^.......
#^..^≈^....#
###†≈#.#≈†..≈###^
#^....#...........
#.†y..y..^....^#..
#.@#.#.#^...#....y
###########.......
....... #..#...
#####.


You could see a spark wasp and a hornet.

Vanquished Creatures
  2 thorn hunters
  Kirke (Swamp:1)
  A ghost moth (Spider:1)
  An orc warlord (Orc:1)
  8 emperor scorpions
  Aizul (Spider:2)
  5 entropy weavers
  Azrael (Orc:2)
  A minotaur (Gauntlet)
  5 dire elephants (Lair:6)
  2 spark wasps (Spider:4)
  A fire dragon (D:15)
  Josephine (Lair:6)
  Fannar (D:10)
  Harold (D:10)
  16 hydras
  2 ghost crabs
  2 shambling mangroves
  3 centaur warriors
  2 two-headed ogres (D:14)
  An anaconda (Lair:6)
  5 alligators
  A queen ant (Spider:4)
  2 death yaks (Lair:5)
  A death knight (D:11)
  A hell hog (Gauntlet)
  Nergalle (D:10)
  A spriggan berserker (Swamp:4)
  Urug (Lair:2)
  2 flayed ghosts (D:14)
  10 swamp dragons
  A phantasmal warrior (D:11)
  3 orc knights
  Pikel (D:4)
  18 orb spiders
  4 orc sorcerers
  28 wolf spiders
  2 ugly things
  4 cyclopes
  A manticore (D:15)
  4 elephants (Lair:6)
  5 black mambas
  2 moths of wrath
  Psyche (D:10)
  A gargoyle (D:12)
  3 ice statues (IceCv)
  A molten gargoyle (Lair:2)
  21 spiny frogs
  A kobold demonologist (D:13)
  A rime drake (Lair:6)
  2 freezing wraiths
  8 komodo dragons
  12 demonic crawlers
  2 efreet
  6 tyrant leeches
  3 meliai (Lair:6)
  24 jumping spiders
  2 polar bears
  Prince Ribbit (D:6)
  2 queen bees
  4 trolls
  14 hornets
  A wind drake (shapeshifter) (D:14)
  8 dream sheep
  5 bog bodies
  18 slime creatures
  5 hippogriffs
  4 blink frogs (Lair:6)
  6 shadows
  A spriggan (Swamp:2)
  13 tarantellas
  51 redbacks
  4 fire bats
  4 wyverns
  7 wraiths
  38 yaks
  3 vampires
  3 fire elementals (Orc:2)
  A human (shapeshifter) (D:15)
  A hog (Swamp:1)
  Menkaure (D:5)
  3 basilisks
  Edmund (D:4)
  3 hungry ghosts
  20 vampire mosquitoes
  3 insubstantial wisps (Lair:4)
  2 wargs
  Duvessa (D:4)
  4 hell hounds
  17 swamp worms
  9 water moccasins
  5 porcupines
  3 soldier ants (Spider:4)
  33 orc warriors
  2 slaves (D:4)
  13 swamp drakes
  4 sky beasts
  10 ice beasts
  4 phantoms
  2 black bears
  15 ogres
  3 necrophages
  5 wolves
  12 centaurs
  8 crocodiles
  4 big kobolds
  18 bullfrogs
  A wyvern zombie (D:12)
  A water moccasin zombie (D:10)
  Dowan (D:4)
  3 scorpions
  30 killer bees
  5 electric eels
  5 centaur zombies
  11 howler monkeys
  7 crimson imps
  A bullfrog zombie (D:5)
  12 hounds
  6 jellies
  21 orc priests
  Crazy Yiuf (D:2)
  6 bullfrog skeletons
  8 centaur skeletons
  25 orc wizards
  Terence (D:2)
  4 iguanas
  18 worker ants
  A hound zombie (D:7)
  2 worker ant zombies
  7 gnolls
  A howler monkey skeleton (D:8)
  10 adders
  6 shadow imps
  12 white imps (Lair:1)
  3 adder skeletons
  2 worms
  A dart slug (D:3)
  2 leopard geckos
  108 orcs
  4 bats
  4 giant cockroaches
  5 goblins
  4 hobgoblins
  15 jackals
  9 kobolds
  3 quokkas
  3 ball pythons (D:1)
  17 frilled lizards
  A jackal skeleton (D:5)
  A quokka skeleton (D:4)
  A quokka zombie (D:5)
  8 rats
  4 briar patches (Swamp:3)
  A fungus (Lair:5)
  5 plants
1050 creatures vanquished.

Vanquished Creatures (collateral kills)
  Asterion (Spider:3)
  An emperor scorpion (Spider:1)
  A dire elephant (Lair:6)
  A fire dragon (D:15)
  11 hydras
  2 alligators (Swamp:4)
  2 spriggan berserkers (Swamp:4)
  3 death yaks (Lair:5)
  An orc high priest (Orc:1)
  4 swamp dragons (Swamp:4)
  2 wizards (D:14)
  An unseen horror (D:14)
  3 orc knights
  An ugly thing (IceCv)
  5 orb spiders
  A wolf spider (Spider:1)
  A centaur zombie (D:14)
  2 spiny frogs
  A freezing wraith (D:11)
  A demonic crawler (Spider:2)
  4 jumping spiders
  4 slime creatures (Swamp:3)
  A bog body (Swamp:4)
  A dream sheep (D:9)
  4 redbacks
  4 yaks
  3 tarantellas (Spider:2)
  A wyvern (D:11)
  A basilisk (Lair:1)
  2 vampire mosquitoes (Swamp:4)
  2 swamp worms
  A porcupine (Lair:1)
  A swamp drake (Swamp:4)
  5 orc warriors
  2 centaurs (Orc:2)
  A bullfrog (D:14)
  2 orc priests (Orc:1)
  A jelly (D:11)
  2 orc wizards
  7 orcs
  A briar patch (Swamp:3)
95 creatures vanquished.

Vanquished Creatures (others)
  A ghost moth (Spider:2)
  A wolf spider (Spider:2)
  A fire bat (Lair:2)
  A worker ant (D:5)
  6 orcs (D:5)
  A fire vortex (Lair:2)
  9 fungi
  4 plants (Lair:6)
  2 withered plants (Swamp:4)
26 creatures vanquished.

Grand Total: 1171 creatures vanquished

Notes
Turn   | Place    | Note
-------+----------+-------------------------------------------
     0 | D:1      | Mgcat the Demonspawn Fighter began the quest for the Orb.
     0 | D:1      | Reached XP level 1. HP: 18/18 MP: 1/1
    90 | D:1      | Reached skill level 2 in Axes
    90 | D:1      | Gained mutation: You sometimes gain a little power by
                  | taking damage. [demonic ancestry]
    90 | D:1      | Reached XP level 2. HP: 23/24 MP: 2/2
   174 | D:1      | Gained mutation: You have a pair of small horns on your
                  | head. [demonic ancestry]
   174 | D:1      | Reached XP level 3. HP: 19/29 MP: 3/3
   350 | D:1      | Reached skill level 3 in Armour
   466 | D:1      | Reached skill level 3 in Shields
   759 | D:2      | Found a radiant altar of Vehumet.
   861 | D:2      | Gained mutation: You have a pair of horns on your head.
                  | [demonic ancestry]
   861 | D:2      | Reached XP level 4. HP: 30/35 MP: 4/4
   919 | D:2      | Found a runed translucent door.
   920 | D:2      | Noticed Crazy Yiuf
   992 | D:2      | Noticed Terence
   998 | D:1      | Reached skill level 3 in Axes
  1032 | D:2      | Killed Terence
  1259 | D:2      | Killed Crazy Yiuf
  1259 | D:2      | Gained mutation: You are partially covered in slimy green
                  | scales. (AC +2) [demonic ancestry]
  1259 | D:2      | Reached XP level 5. HP: 31/42 MP: 5/5
  2085 | D:4      | Noticed Edmund
  2105 | D:4      | Killed Edmund
  2105 | D:4      | Reached skill level 4 in Fighting
  2105 | D:4      | Reached skill level 4 in Axes
  2105 | D:4      | Gained mutation: You are mostly covered in slimy green
                  | scales. (AC +3) [demonic ancestry]
  2105 | D:4      | Reached XP level 6. HP: 19/48 MP: 6/6
  2351 | D:4      | Found a burning altar of Makhleb.
  2377 | D:4      | Became a worshipper of Makhleb the Destroyer
  2420 | D:4      | Found an iron altar of Okawaru.
  2459 | D:4      | Noticed Dowan
  2459 | D:4      | Noticed Duvessa
  2478 | D:4      | Killed Dowan
  2493 | D:4      | Killed Duvessa
  2493 | D:4      | Reached skill level 4 in Armour
  2493 | D:4      | Reached skill level 4 in Shields
  2493 | D:4      | Gained mutation: You sometimes gain power by taking damage.
                  | [demonic ancestry]
  2493 | D:4      | Reached XP level 7. HP: 29/55 MP: 7/7
  2615 | D:4      | Found an opulent altar of Gozag.
  2665 | D:4      | Noticed Pikel
  2678 | D:4      | Killed Pikel
  2678 | D:4      | Reached skill level 5 in Fighting
  2678 | D:4      | Reached skill level 5 in Axes
  2869 | D:5      | Entered Level 5 of the Dungeon
  2874 | D:5      | Reached XP level 8. HP: 62/62 MP: 8/8
  3002 | D:5      | Reached skill level 1 in Invocations
  3118 | D:5      | Noticed Menkaure
  3135 | D:5      | HP: 11/62 [Menkaure (10)]
  3137 | D:5      | Killed Menkaure
  3472 | D:5      | Reached skill level 6 in Axes
  3479 | D:5      | Reached skill level 2 in Invocations
  3683 | D:5      | Reached skill level 5 in Armour
  3779 | D:5      | Reached skill level 5 in Shields
  3779 | D:5      | Reached skill level 3 in Invocations
  3895 | D:5      | Reached * piety under Makhleb
  3946 | D:5      | Reached skill level 7 in Axes
  3946 | D:5      | Reached skill level 4 in Invocations
  4016 | D:5      | Found a shimmering altar of Xom.
  4245 | D:5      | Reached skill level 6 in Fighting
  4245 | D:5      | Gained mutation: You regenerate a little health from kills.
                  | [demonic ancestry]
  4245 | D:5      | Reached XP level 9. HP: 69/69 MP: 12/12
  4541 | D:6      | Noticed Prince Ribbit
  4914 | D:6      | Reached skill level 5 in Invocations
  6052 | D:6      | Killed Prince Ribbit
  6052 | D:6      | Reached skill level 8 in Axes
  6352 | D:7      | Found Seysch's Distillery.
  6365 | D:7      | Bought a potion of degeneration for 14 gold pieces
  6365 | D:7      | Bought 2 potions of might for 112 gold pieces
  6365 | D:7      | Bought a potion of heal wounds for 70 gold pieces
  6365 | D:7      | Bought a potion of lignification for 42 gold pieces
  6365 | D:7      | Bought a potion of berserk rage for 70 gold pieces
  6485 | D:7      | Found a staircase to the Ecumenical Temple.
  6639 | D:7      | Reached skill level 7 in Fighting
  6686 | D:7      | Reached ** piety under Makhleb
  6774 | D:7      | Reached skill level 6 in Invocations
  6785 | D:7      | Found a hazy altar of Hepliaklqana.
  7011 | D:7      | HP: 11/72 [something (10)]
  7025 | D:7      | Reached skill level 9 in Axes
  7264 | D:8      | Reached XP level 10. HP: 52/79 MP: 14/14
  7597 | D:8      | Reached *** piety under Makhleb
  7612 | D:8      | Found a roughly hewn altar of Beogh.
  7704 | D:8      | Noticed a two-headed ogre
  7711 | D:8      | Reached skill level 7 in Invocations
  7711 | D:8      | HP: 18/80 [two-headed ogre/+0 giant spiked club (15)]
  7713 | D:8      | HP: 8/80 [poisoned by a killer bee]
  8676 | D:9      | Reached skill level 8 in Fighting
  8715 | D:9      | Reached skill level 10 in Axes
  8731 | D:9      | Noticed a three-headed hydra
  8735 | D:9      | Reached **** piety under Makhleb
  8735 | D:9      | Reached skill level 8 in Invocations
  8742 | D:9      | Killed a five-headed hydra
  8959 | D:9      | Gained mutation: You have a pair of large horns on your
                  | head. [demonic ancestry]
  8959 | D:9      | Reached XP level 11. HP: 54/87 MP: 17/17
  9159 | D:9      | Reached skill level 11 in Axes
  9165 | D:9      | Reached skill level 9 in Fighting
  9551 | D:10     | Entered Level 10 of the Dungeon
  9706 | D:10     | Found Hasoorph's Antique Armour Shop.
  9709 | D:10     | Noticed Nergalle
  9771 | D:10     | Noticed Fannar
  9790 | D:10     | HP: 24/133 [Fannar/refrigeration (24)]
  9799 | D:10     | HP: 4/133 [Fannar/refrigeration (22)]
  9801 | D:10     | Killed Fannar
 10124 | D:10     | Found a staircase to the Lair.
 10202 | D:10     | Killed Nergalle
 10471 | D:10     | Noticed Psyche
 10489 | D:10     | Killed Psyche
 10730 | D:10     | Found a staircase to the Orcish Mines.
 10951 | D:11     | Noticed Harold
 10963 | D:10     | Killed Harold
 10963 | D:10     | Reached skill level 12 in Axes
 11034 | D:11     | Reached ***** piety under Makhleb
 11038 | D:11     | Reached skill level 13 in Axes
 11038 | D:11     | Reached XP level 12. HP: 96/97 MP: 18/18
 11056 | D:11     | Reached skill level 10 in Fighting
 11056 | D:11     | Reached skill level 14 in Axes
 11102 | D:11     | Noticed a death knight
 11161 | D:10     | Found a burning altar of Makhleb.
 11181 | D:11     | Killed a death knight
 11531 | D:11     | Reached skill level 1 in Dodging
 11835 | D:11     | Noticed a seven-headed hydra
 11842 | D:11     | Killed a seven-headed hydra
 12097 | Lair:1   | Entered Level 1 of the Lair of Beasts
 12180 | Lair:1   | Found a frozen archway.
 12199 | IceCv    | Entered an ice cave
 12242 | IceCv    | Reached skill level 2 in Dodging
 12535 | IceCv    | Reached XP level 13. HP: 82/104 MP: 19/19
 12864 | Lair:1   | Reached skill level 9 in Invocations
 13137 | Lair:1   | Reached skill level 6 in Shields
 13887 | Lair:2   | Reached skill level 3 in Dodging
 13907 | Lair:2   | Noticed Urug
 13919 | Lair:2   | Killed Urug
 13919 | Lair:2   | Reached skill level 6 in Armour
 15334 | Lair:3   | Found a hole to the Spider Nest.
 15630 | Lair:4   | Found a staircase to the Swamp.
 15639 | Lair:4   | Reached skill level 10 in Invocations
 15773 | Lair:4   | Reached skill level 4 in Dodging
 15859 | Lair:4   | Reached skill level 11 in Fighting
 16519 | Lair:4   | Reached skill level 7 in Shields
 16855 | Lair:5   | Found a gate leading to a gauntlet.
 16864 | Gauntlet | Entered a Gauntlet
 16864 | Gauntlet | Found a transporter.
 17096 | Gauntlet | Found a transporter.
 17106 | Gauntlet | Found a transporter.
 17112 | Gauntlet | Found a transporter.
 17115 | Gauntlet | Found a transporter.
 17133 | Gauntlet | Found a transporter.
 17143 | Gauntlet | Found a transporter.
 17153 | Gauntlet | Found a transporter.
 17167 | Gauntlet | Found a transporter.
 17176 | Gauntlet | Found a runed translucent door.
 17182 | Gauntlet | Found a transporter.
 17182 | Gauntlet | Found a transporter.
 17183 | Gauntlet | Found a runed translucent door.
 17192 | Gauntlet | Found a transporter.
 17232 | Gauntlet | Found a transporter.
 17253 | Gauntlet | Found a transporter.
 17352 | Gauntlet | Reached skill level 7 in Armour
 17421 | Gauntlet | Got a glittering platinum ring
 17428 | Gauntlet | Identified the ring of the Coward {+Blink rElec rPois
                  | Int+2} (You found it in a Gauntlet)
 17445 | Gauntlet | Noticed a minotaur
 17459 | Gauntlet | Killed a minotaur
 17627 | Gauntlet | Got a pair of jewelled boots
 17640 | Lair:5   | Identified the cursed +0 pair of boots "Pirapn" {rPois
                  | rCorr Str-2 SInv} (You found it in a Gauntlet)
 17667 | Lair:5   | Reached skill level 5 in Dodging
 17715 | Lair:5   | Gained mutation: You are powered by pain. [demonic
                  | ancestry]
 17715 | Lair:5   | Reached XP level 14. HP: 101/113 MP: 21/21
 18111 | Lair:5   | Found a snail-covered altar of Cheibriados.
 18179 | Lair:6   | Entered Level 6 of the Lair of Beasts
 18286 | Lair:6   | Reached skill level 15 in Axes
 18290 | Lair:6   | Reached skill level 8 in Shields
 18309 | Lair:6   | HP: 27/114 [komodo dragon (8)]
 18322 | Lair:6   | Reached skill level 8 in Armour
 18336 | Lair:6   | Reached skill level 12 in Fighting
 18522 | Lair:6   | Found a staircase to the Slime Pits.
 18522 | Lair:6   | Found a viscous altar of Jiyva.
 18755 | Lair:6   | Found a runed translucent gate.
 18755 | Lair:6   | Found a runed translucent gate.
 18755 | Lair:6   | Found a runed translucent gate.
 18755 | Lair:6   | Noticed Blackbelt's ghost (journeyman DDFi)
 19041 | Lair:6   | Noticed Josephine
 19049 | Lair:6   | Killed Josephine
 19399 | Lair:6   | Found a viscous altar of Jiyva.
 19399 | Lair:6   | Found a staircase to the Slime Pits.
 19548 | Lair:6   | HP: 28/116 [dire elephant (21)]
 19887 | Lair:6   | Found a runed translucent gate.
 19887 | Lair:6   | Found a runed translucent gate.
 19887 | Lair:6   | Found a runed translucent gate.
 20010 | Lair:6   | Reached skill level 11 in Invocations
 20448 | Orc:1    | Entered Level 1 of the Orcish Mines
 21075 | Orc:1    | Noticed an orc warlord
 21090 | Orc:1    | Killed an orc warlord
 21124 | Orc:1    | Found a roughly hewn altar of Beogh.
 21290 | D:10     | Bought a runed plate armour for 858 gold pieces
 21355 | Orc:2    | Entered Level 2 of the Orcish Mines
 21383 | Orc:2    | Noticed Azrael
 21399 | Orc:2    | Reached XP level 15. HP: 116/122 MP: 23/23
 21404 | Orc:2    | Killed Azrael
 21458 | Orc:2    | Reached skill level 13 in Fighting
 21510 | Orc:2    | Found a staircase to the Elven Halls.
 21922 | Orc:2    | Reached ****** piety under Makhleb
 22108 | Orc:2    | Reached skill level 12 in Invocations
 22130 | Orc:2    | Found Samafuimp's Antique Weapon Boutique.
 22130 | Orc:2    | Found Vaint's Food Emporium.
 22132 | Orc:2    | Found Liew's Antique Weapon Shoppe.
 22137 | Orc:2    | Found Hoax Zik's Armour Shop.
 22634 | D:12     | Found the +3 Elemental Staff {rElec rF++ rC++ MR++ AC+5}
 22843 | D:12     | Noticed Kuulis's ghost (journeyman GrGl)
 22985 | D:12     | Found a runed translucent gate.
 22985 | D:12     | Found a runed translucent gate.
 22985 | D:12     | Found a runed translucent gate.
 23185 | D:13     | Reached skill level 16 in Axes
 23839 | D:14     | HP: 28/124 [flayed ghost/flay_damage (10)]
 23873 | D:14     | HP: 28/124 [flayed ghost/flay_damage (13)]
 23933 | D:14     | Found a shimmering blue altar of Sif Muna.
 23934 | D:14     | Found a sparkling altar of Nemelex Xobeh.
 24057 | D:14     | Found a gate to the Vaults.
 24063 | D:14     | Reached skill level 13 in Invocations
 24199 | D:14     | Found a shattered altar of Ashenzari.
 24506 | D:15     | Entered Level 15 of the Dungeon
 25235 | D:15     | Found a staircase to the Depths.
 25589 | Swamp:1  | Entered Level 1 of the Swamp
 25594 | Swamp:1  | Noticed Kirke
 25613 | Swamp:1  | Killed Kirke
 25931 | Swamp:1  | Reached skill level 14 in Fighting
 27222 | Swamp:2  | Gained mutation: You are robust. (+10% HP) [demonic
                  | ancestry]
 27222 | Swamp:2  | Reached XP level 16. HP: 126/146 MP: 26/26
 27315 | Swamp:2  | Paralysed by a hornet for 2 turns
 27320 | Swamp:2  | Reached skill level 14 in Invocations
 27823 | Swamp:3  | Noticed a thorn hunter
 27836 | Swamp:3  | Killed a thorn hunter
 28103 | Swamp:3  | Reached skill level 17 in Axes
 28461 | Swamp:4  | Entered Level 4 of the Swamp
 28823 | Swamp:4  | Noticed a thorn hunter
 28852 | Swamp:4  | Killed a thorn hunter
 28918 | Swamp:4  | HP: 32/147 [spriggan berserker/+0 antimagic hand axe (26)]
 28920 | Swamp:4  | HP: 13/147 [spriggan berserker/+0 antimagic hand axe (20)]
 28926 | Swamp:4  | HP: 24/147 [spriggan berserker/+0 antimagic hand axe (31)]
 28943 | Swamp:4  | HP: 28/147 [shot self (21)]
 28956 | Swamp:4  | HP: 29/147 [five-headed hydra (3)]
 28969 | Swamp:4  | HP: 28/147 [ten-headed hydra (7)]
 29181 | Swamp:4  | Reached skill level 15 in Invocations
 29305 | Swamp:4  | Got a decaying rune of Zot
 29408 | Swamp:4  | Found a runed translucent door.
 29429 | Swamp:4  | Noticed p0werm0de's ghost (journeyman DDFi)
 29431 | Swamp:4  | Found the +6 shillelagh "Devastator" {shatter}
 29455 | Swamp:4  | Reached skill level 1 in Evocations
 29710 | Spider:1 | Entered Level 1 of the Spider Nest
 29776 | Spider:1 | Reached skill level 2 in Evocations
 29779 | Spider:1 | Reached skill level 15 in Fighting
 30350 | Spider:2 | Reached skill level 18 in Axes
 30426 | Spider:2 | Reached skill level 3 in Evocations
 30460 | Spider:2 | Reached XP level 17. HP: 141/156 MP: 28/28
 30501 | Spider:2 | Reached skill level 4 in Evocations
 30678 | Spider:2 | Reached skill level 16 in Invocations
 30895 | Spider:3 | Noticed Aizul
 30915 | Spider:2 | Killed Aizul
 31231 | Spider:3 | Reached skill level 5 in Evocations
 31269 | Spider:3 | Identified Roxanne's Grimoire of Shape Shifting
 31269 | Spider:3 | Noticed Roxanne
 31479 | Spider:3 | Reached skill level 17 in Invocations
 31607 | Spider:3 | Noticed Asterion
 31620 | Spider:3 | Killed Asterion
 31954 | Spider:4 | Entered Level 4 of the Spider Nest
 32114 | Spider:4 | Reached skill level 18 in Invocations
 32829 | Spider:4 | HP: 34/156 [jumping spider (7)]
 32882 | Spider:4 | HP: 39/156 [spark wasp (15)]
 32884 | Spider:4 | HP: 13/156 [spark wasp (15)]
 32887 | Spider:4 | HP: 4/156 [spark wasp/living lightning (5)]
 33248 | Spider:4 | HP: 37/156 [spark wasp (14)]
 33249 | Spider:4 | HP: 11/156 [spark wasp (16)]
 33249 | Spider:4 | Slain by a spark wasp

Levels and vault maps discovered:
D:1:      wander_arrival_desolate, layout_basic, minmay_lizard_pond
D:2:      layout_rooms, vehumet_crystals, chequers_serial_rivers_room_b,
          uniq_terence, uniq_crazy_yiuf_cottage
D:3:      layout_basic
D:4:      layout_rooms, kennysheep_little_box, okawaru_metal_pillars_1_2,
          bloody_makhleb, uniq_edmund, uniq_pikel, uniq_duvessa
D:5:      minmay_octagon_keep, layout_loops_corners, xom_confusion_cloud,
          first_ration, uniq_menkaure
D:6:      layout_basic, kennysheep_generic_room_12, uniq_prince_ribbit1
D:7:      layout_loops_ring, kennysheep_mini_moat, temple_doors_cd,
          serial_shops, shop_fountains
D:8:      minmay_razor_zed, layout_loops_ring, special_room [special_room_orc]
D:9:      layout_loops_ring, hangedman_ranch [blue_anna_fruit_fields],
          kennysheep_path_1, grunt_decor_clamped
D:10:     lemuel_upstairs_altar, layout_cross, erik_lair_island, orc_0_dummy,
          serial_shops, shop, uniq_fannar, uniq_psyche, uniq_nergalle
D:11:     layout_irregular_city, minmay_misc_feat_square, uniq_harold
D:12:     layout_cave_pods, maelrawn_ghost_gauntlet_escape
D:13:     layout_loops_ring
D:14:     layout_loops_ring, david_vaults_1, evilmike_ruin_ashenzari,
          jmf_multi_god_temple
D:15:     grunt_enter_depths_hoard, layout_stronghold, serial_column_ruins,
          column_ruins_columns_corner, column_ruins_columns_water,
          column_ruins_grid_2, minmay_bent
Lair:1:   layout_regular_city, portal_ice_cave_entry_imps, grunt_megastairs_4,
          serial_bayou_shore_b
Lair:2:   layout_gridlike, uniq_urug
Lair:3:   layout_hall_layers, dummy_spider_entry
Lair:4:   layout_concentric_octagons, minmay_swamp_entry_wisps
Lair:5:   layout_long_grid, basic_altar, gauntlet_entry_generic,
          infiniplex_staircase_pool_2
Lair:6:   due_jungle_book, layout_misc_corridors, slime_altar_1, special_room
          [special_room_bee], maelrawn_ghost_gauntlet_escape, uniq_josephine
Swamp:1:  layout_basic_swamp, evilmike_swamp_ruin_house_4, swamp_pool1,
          uniq_kirke
Swamp:2:  layout_falls_marsh, nicolae_swamp_fairy_circle, swamp_pool5
Swamp:3:  layout_basic_swamp, evilmike_swamp_ruin_house_2,
          infiniplex_staircase_pool
Swamp:4:  swamp_basic_johnstein, layout_basic_swamp, gammafunk_ghost_grave
Spider:1: layout_spider_delve, nicolae_spider_webbed_stairs
Spider:2: layout_spider_delve
Spider:3: layout_spider_delve, uniq_roxanne, uniq_asterion, uniq_aizul
Spider:4: grunt_spider_rune_island, nicolae_spider_ant_collections
Orc:1:    layout_caves, minmay_orc_temple_c
Orc:2:    st_orc_rangers, layout_diamond_mine, mines2_lemuel, uniq_azrael

Skill      XL: |  1  2  3  4  5  6  7  8  9 10 11 12 13 14 15 16 17 |
---------------+----------------------------------------------------+-----
Axes           | 2 3 4 5 7 9 10 13 14 15 16 18 | 18.1
Armour         | 3 4 5 7 8 |  8.5
Shields        | 3 4 5 7 8 |  8.5
Fighting       | 4 5 6 7 8 9 10 11 12 14 15 | 15.2
Invocations    | 4 6 8 10 11 13 15 18 | 18.1
Dodging        | 2 5 |  5.8
Evocations     | 3 5 |  5.4

Action                   |  1- 3 |  4- 6 |  7- 9 | 10-12 | 13-15 | 16-18 || total
-------------------------+-------+-------+-------+-------+-------+-------++-------
Melee: War axe           |   112 |   117 |   418 |   409 |       |       ||  1056
       Headbutt          |    14 |    24 |    84 |   134 |   317 |   226 ||   799
       Broad axe         |       |       |       |   142 |  1271 |   987 ||  2400
Invok: Lesser Servant of |       |       |       |    15 |    24 |    21 ||    60
       Minor Destruction |       |       |       |     7 |     2 |    93 ||   102
       Greater Servant o |       |       |       |       |     1 |     8 ||     9
       Major Destruction |       |       |       |       |       |     8 ||     8
Evoke: Lightning rod     |       |       |       |     2 |       |     1 ||     3
       Wand              |       |       |       |       |       |    12 ||    12
       Lamp of fire      |       |       |       |       |       |     2 ||     2
  Use: Potion            |       |     1 |     5 |     5 |     1 |     7 ||    19
       Scroll            |       |     1 |    14 |     8 |    12 |     8 ||    43
 Stab: Distracted        |       |       |       |       |     4 |     9 ||    13
  Eat: Chunk             |       |     5 |    13 |     9 |    29 |    17 ||    73
       Ration            |       |       |     3 |     2 |     7 |     1 ||    13
Armor: Scale mail        |    48 |    43 |   102 |       |       |       ||   193
       Chain mail        |       |       |    54 |   320 |   330 |       ||   704
       Plate armour      |       |       |       |       |   259 |       ||   259
       Crystal plate arm |       |       |       |       |    36 |   864 ||   900
Dodge: Dodged            |    41 |    32 |    97 |   162 |   442 |   456 ||  1230
Block: Kite shield       |    61 |    69 |   156 |   281 |   735 |   696 ||  1998

Table legend:
 A = Non-vault XP
 B = Vault XP
 C = Vault XP percentage of total XP
 D = Non-vault monster count
 E = Vault monster count
 F = Vault count percentage of total count
                 A         B        C        D         E       F
            +---------+---------+-------+---------+---------+-------
      Total |  184509 |   86595 |  31.9 |     807 |     328 |  28.9
            +---------+---------+-------+---------+---------+-------
        D:1 |      65 |      11 |  14.5 |      26 |      11 |  29.7
        D:2 |      69 |      78 |  53.1 |      12 |       2 |  14.3
        D:3 |      52 |       0 |   0.0 |      15 |       0 |   0.0
        D:4 |     123 |    1001 |  89.1 |       7 |       4 |  36.4
        D:5 |     674 |     730 |  52.0 |      18 |      13 |  41.9
        D:6 |     828 |     291 |  26.0 |      18 |       1 |   5.3
        D:7 |    1418 |       0 |   0.0 |      32 |       0 |   0.0
        D:8 |    1648 |     437 |  21.0 |      32 |      30 |  48.4
        D:9 |    2465 |    1650 |  40.1 |      27 |       8 |  22.9
       D:10 |    1582 |    3775 |  70.5 |      24 |      12 |  33.3
       D:11 |    5291 |       0 |   0.0 |      28 |       0 |   0.0
       D:12 |    5164 |       0 |   0.0 |      45 |       0 |   0.0
       D:13 |    4387 |       0 |   0.0 |      10 |       0 |   0.0
       D:14 |    4454 |    3602 |  44.7 |      26 |       8 |  23.5
       D:15 |    2581 |    3222 |  55.5 |       6 |       8 |  57.1
     Lair:1 |    3264 |     599 |  15.5 |      17 |      13 |  43.3
     Lair:2 |    4819 |     778 |  13.9 |      24 |       1 |   4.0
     Lair:3 |    3550 |       0 |   0.0 |      15 |       0 |   0.0
     Lair:4 |    5826 |     473 |   7.5 |      18 |       3 |  14.3
     Lair:5 |    8602 |       0 |   0.0 |      21 |       0 |   0.0
     Lair:6 |   18064 |    7075 |  28.1 |      39 |      31 |  44.3
    Swamp:1 |    9726 |    1884 |  16.2 |      26 |       2 |   7.1
    Swamp:2 |    9210 |       0 |   0.0 |      29 |       0 |   0.0
    Swamp:3 |    9542 |       0 |   0.0 |      26 |       0 |   0.0
    Swamp:4 |   16592 |   14162 |  46.0 |      41 |      29 |  41.4
   Spider:1 |   15804 |       0 |   0.0 |      45 |       0 |   0.0
   Spider:2 |   14518 |    1298 |   8.2 |      42 |       1 |   2.3
   Spider:3 |   16388 |    1497 |   8.4 |      28 |       1 |   3.4
   Spider:4 |   12054 |   26263 |  68.5 |      37 |      53 |  58.9
      Orc:1 |    2964 |    3698 |  55.5 |      29 |      32 |  52.5
      Orc:2 |    2785 |    7926 |  74.0 |      44 |      43 |  49.4
      IceCv |       0 |    2944 | 100.0 |       0 |      11 | 100.0
   Gauntlet |       0 |    3201 | 100.0 |       0 |      11 | 100.0
            +---------+---------+-------+---------+---------+-------

Levels and vault maps discovered:
D:1:      wander_arrival_desolate, layout_basic, minmay_lizard_pond
D:2:      layout_rooms, vehumet_crystals, chequers_serial_rivers_room_b,
          uniq_terence, uniq_crazy_yiuf_cottage
D:3:      layout_basic
D:4:      layout_rooms, kennysheep_little_box, okawaru_metal_pillars_1_2,
          bloody_makhleb, uniq_edmund, uniq_pikel, uniq_duvessa
D:5:      minmay_octagon_keep, layout_loops_corners, xom_confusion_cloud,
          first_ration, uniq_menkaure
D:6:      layout_basic, kennysheep_generic_room_12, uniq_prince_ribbit1
D:7:      layout_loops_ring, kennysheep_mini_moat, temple_doors_cd,
          serial_shops, shop_fountains
D:8:      minmay_razor_zed, layout_loops_ring, special_room [special_room_orc]
D:9:      layout_loops_ring, hangedman_ranch [blue_anna_fruit_fields],
          kennysheep_path_1, grunt_decor_clamped
D:10:     lemuel_upstairs_altar, layout_cross, erik_lair_island, orc_0_dummy,
          serial_shops, shop, uniq_fannar, uniq_psyche, uniq_nergalle
D:11:     layout_irregular_city, minmay_misc_feat_square, uniq_harold
D:12:     layout_cave_pods, maelrawn_ghost_gauntlet_escape
D:13:     layout_loops_ring
D:14:     layout_loops_ring, david_vaults_1, evilmike_ruin_ashenzari,
          jmf_multi_god_temple
D:15:     grunt_enter_depths_hoard, layout_stronghold, serial_column_ruins,
          column_ruins_columns_corner, column_ruins_columns_water,
          column_ruins_grid_2, minmay_bent
Lair:1:   layout_regular_city, portal_ice_cave_entry_imps, grunt_megastairs_4,
          serial_bayou_shore_b
Lair:2:   layout_gridlike, uniq_urug
Lair:3:   layout_hall_layers, dummy_spider_entry
Lair:4:   layout_concentric_octagons, minmay_swamp_entry_wisps
Lair:5:   layout_long_grid, basic_altar, gauntlet_entry_generic,
          infiniplex_staircase_pool_2
Lair:6:   due_jungle_book, layout_misc_corridors, slime_altar_1, special_room
          [special_room_bee], maelrawn_ghost_gauntlet_escape, uniq_josephine
Swamp:1:  layout_basic_swamp, evilmike_swamp_ruin_house_4, swamp_pool1,
          uniq_kirke
Swamp:2:  layout_falls_marsh, nicolae_swamp_fairy_circle, swamp_pool5
Swamp:3:  layout_basic_swamp, evilmike_swamp_ruin_house_2,
          infiniplex_staircase_pool
Swamp:4:  swamp_basic_johnstein, layout_basic_swamp, gammafunk_ghost_grave
Spider:1: layout_spider_delve, nicolae_spider_webbed_stairs
Spider:2: layout_spider_delve
Spider:3: layout_spider_delve, uniq_roxanne, uniq_asterion, uniq_aizul
Spider:4: grunt_spider_rune_island, nicolae_spider_ant_collections
Orc:1:    layout_caves, minmay_orc_temple_c
Orc:2:    st_orc_rangers, layout_diamond_mine, mines2_lemuel, uniq_azrael

Table legend:
 A = Turns spent in this place as a percentage of turns spent in the entire game.
 B = Non-inter-level travel turns spent in this place as a percentage of non-inter-level travel turns spent in the entire game.
 C = Inter-level travel turns spent in this place as a percentage of turns spent in this place.
 D = Turns resting spent in this place as a percentage of non-inter-level travel turns spent in this place.
 E = Turns spent auto-exploring this place as a percentage of non-inter-level travel turns spent in this place.
 F = Non-inter-level travel turns spent in this place divided by the number of levels of this place that you've seen.
                   A       B       C       D       E      F
               +-------+-------+-------+-------+-------+----------------------
         Total | 100.0 | 100.0 |   5.6 |  19.1 |  59.0 | 950.8
       Dungeon |  46.4 |  46.3 |   5.9 |  20.2 |  60.6 | 967.8
          Lair |  21.4 |  21.1 |   6.7 |  10.8 |  73.0 | 1104.3
         Swamp |  12.0 |  11.8 |   7.6 |  17.9 |  55.5 | 924.0
   Spider Nest |  10.6 |  11.0 |   2.0 |  24.3 |  43.5 | 866.8
  Orcish Mines |   5.4 |   5.4 |   6.1 |   0.8 |  67.3 | 843.5
      Ice Cave |   1.9 |   2.0 |   0.0 |  69.7 |   0.8 | 620.0
      Gauntlet |   2.3 |   2.4 |   0.0 |  49.7 |  23.5 | 765.0
               +-------+-------+-------+-------+-------+----------------------

Table legend:
 A = Kills in this place as a percentage of kills in entire the game.
 B = Kills by you in this place as a percentage of kills by you in the entire game.
 C = Kills by friends in this place as a percentage of kills by friends in the entire game.
 D = Other kills in this place as a percentage of other kills in the entire game.
 E = Experience gained in this place as a percentage of experience gained in the entire game.
 F = Experience gained in this place divided by the number of levels of this place that you have seen.
                   A       B       C       D       E      F
               +-------+-------+-------+-------+-------+----------------------
         Total | 100.0 | 100.0 | 100.0 | 100.0 | 100.0 | 8215.3
       Dungeon |  37.3 |  39.4 |  14.9 |   0.0 |  16.8 | 3039.9
          Lair |  16.0 |  16.5 |  10.6 |  33.3 |  19.6 | 8841.7
         Swamp |  13.5 |  12.0 |  29.8 |   0.0 |  22.5 | 15279.0
   Spider Nest |  18.2 |  17.8 |  21.3 |  66.7 |  32.4 | 21955.5
  Orcish Mines |  13.0 |  12.2 |  22.3 |   0.0 |   6.4 | 8686.5
      Ice Cave |   1.0 |   1.0 |   1.1 |   0.0 |   1.1 | 2944.0
      Gauntlet |   1.0 |   1.1 |   0.0 |   0.0 |   1.2 | 3201.0
               +-------+-------+-------+-------+-------+----------------------
